 Dungeon Crawl Stone Soup version 0.25-a0-591-g2ad0d861f1 (webtiles) character file.

Game seed: 1520082732538453806, levelgen mode: deterministic

110 Emblim88 the Skirmisher (level 4, -4/61 HPs)
             Began as a Gnoll Abyssal Knight on Mar 14, 2020.
             Was a Believer of Lugonu.
             Killed by divine providence
             ... invoked by an orc priest
              (10 damage)
             ... on level 3 of the Dungeon.
             The game lasted 00:04:24 (2419 turns).

Emblim88 the Skirmisher (Gnoll Abyssal Knight)      Turns: 2419, Time: 00:04:25

Health: -4/61      AC: 22    Str: 15    XL:     4   Next: 91%
Magic:  0/7        EV:  2    Int: 14    God:    Lugonu [**....]
Gold:   119        SH:  0    Dex: 17    Spells: 5/5 levels left

rFire    . . .     SeeInvis .   a - +1 mace
rCold    . . .     Gourm    .   (no shield)
rNeg     + + +     Faith    .   (armour currently unavailable)
rPois    +         Spirit   +   (helmet currently unavailable)
rElec    .         Reflect  .   (cloak currently unavailable)
rCorr    .         Harm     .   (gloves currently unavailable)
MR       .....     NoTele   +   (boots currently unavailable)
Stlth    ++........             e - amulet of guardian spirit
HPRegen  0.20/turn              o - +2 ring of dexterity
MPRegen  0.10/turn              (no ring)

@: tree-form
A: distributed training, strong nose
a: Depart the Abyss, Bend Space, Renounce Religion


You were on level 3 of the Dungeon.
You worshipped Lugonu.
Lugonu was pleased with you.
You were not hungry.
You were a tree.
You visited 1 branch of the dungeon, and saw 3 of its levels.
You visited the Abyss 1 time.

You collected 119 gold pieces.

Inventory:

Hand Weapons
 a - a +1 mace (weapon)
 g - a cursed +0 hunting sling
Missiles
 j - 205 stones (quivered)
 n - 6 javelins
 p - 20 poisoned darts
 z - 2 throwing nets
Armour
 b - a +0 leather armour
 h - a +0 scale mail (melded)
 k - a +0 chain mail
Jewellery
 e - an amulet of guardian spirit (around neck)
 o - a +2 ring of dexterity (left branch)
Scrolls
 i - 3 scrolls of identify {unknown}
 l - a scroll of fear {unknown}
 q - 2 scrolls of remove curse {unknown}
 u - 3 scrolls of amnesia {unknown}
 w - 3 scrolls of teleportation {unknown}
 x - 2 scrolls of fog {unknown}
 y - a scroll of enchant armour {unknown}
Potions
 d - a potion of heal wounds {unknown}
 f - a potion of resistance {unknown}
 m - a potion of lignification
 r - a potion of curing
 s - a potion of haste {unknown}
 v - a potion of magic {unknown}
Comestibles
 c - 6 rations
 t - a chunk of flesh


   Skills:
 + Level 6.6 Fighting
 + Level 1.2 Short Blades
 + Level 1.2 Long Blades
 + Level 1.2 Axes
 + Level 4.7 Maces & Flails
 + Level 1.2 Polearms
 + Level 1.2 Staves
 + Level 1.2 Slings
 + Level 1.2 Bows
 + Level 1.2 Crossbows
 + Level 1.2 Throwing
 + Level 4.7 Armour
 + Level 2.8 Dodging
 + Level 1.2 Stealth
 + Level 1.2 Shields
 + Level 1.2 Unarmed Combat
 + Level 1.2 Spellcasting
 + Level 1.0 Conjurations
 + Level 1.0 Hexes
 + Level 1.0 Charms
 + Level 1.0 Summonings
 + Level 1.0 Necromancy
 + Level 1.0 Translocations
 + Level 1.0 Transmutations
 + Level 1.0 Fire Magic
 + Level 1.0 Ice Magic
 + Level 1.0 Air Magic
 + Level 1.0 Earth Magic
 + Level 1.0 Poison Magic
 + Level 4.7 Invocations
 + Level 1.2 Evocations


You had 5 spell levels left.
You didn't know any spells.
Your spell library was empty.

Dungeon Overview and Level Annotations

Branches:
Dungeon (3/15)

Altars:


Innate Abilities, Weirdness & Mutations

Your experience applies equally to all skills.
((You have very sharp teeth.))
Your uncanny sense of smell can sniff out nearby items.


Message History

Pain shoots through your body!
* * * LOW HITPOINT WARNING * * *
You feel better.
The orc priest hits you but does no damage.
You hit the orc priest but do no damage.
The orc priest is lightly wounded.
The orc priest mumbles some strange prayers to Beogh against you.
Beogh smites you!
* * * LOW HITPOINT WARNING * * *
The orc priest hits you but does no damage.
The orc priest casts a cantrip, but nothing happens.
It was a potion of lignification.
You turn into a tree.
Your +0 scale mail melds into your body.
Your roots penetrate the ground.
The orc priest hits you but does no damage.
You barely miss the orc priest.
The orc priest is lightly wounded.
The orc priest calls down the wrath of Beogh upon you.
Beogh smites you!
You die...

..... #.# .....?
#.# ......##### #.#
..........#######
#.#
...oo...........#
#.#
...o$.###..####.#
#.# o##.#
##o#.##.#########.#
#
#o#..............#
∆
#♣#.###.##########
#...# #.# . ##..#
#.#.## #..# #.#..#
########.###.......
..................
#.######.....#...#
∆ ##..#.#...#
##.#.#...#


You could see 2 orc priests.

Vanquished Creatures
  4 adders (D:2)
  3 dart slugs
  A worm (D:2)
  A leopard gecko (D:1)
  3 orcs (D:3)
  2 giant cockroaches (D:2)
  10 goblins
  4 hobgoblins
  10 jackals
  A quokka (D:2)
  7 bats
  4 frilled lizards
  5 kobolds
  5 rats
60 creatures vanquished.

Notes
Turn   | Place    | Note
-------+----------+-------------------------------------------
     0 | Abyss:1  | Emblim88 the Gnoll Abyssal Knight began the quest for the
                  | Orb.
     0 | Abyss:1  | Reached XP level 1. HP: 23/23 MP: 3/3
    40 | Abyss:1  | Noticed an iron imp
    41 | D:1      | Escaped the Abyss
   109 | D:1      | Reached XP level 2. HP: 29/29 MP: 5/5
   177 | D:1      | Reached * piety under Lugonu
   656 | D:1      | Reached XP level 3. HP: 35/35 MP: 6/6
  1347 | D:2      | Reached skill level 1 in Short Blades
  1347 | D:2      | Reached skill level 1 in Long Blades
  1347 | D:2      | Reached skill level 1 in Axes
  1347 | D:2      | Reached skill level 1 in Polearms
  1347 | D:2      | Reached skill level 1 in Staves
  1347 | D:2      | Reached skill level 1 in Slings
  1347 | D:2      | Reached skill level 1 in Bows
  1347 | D:2      | Reached skill level 1 in Crossbows
  1347 | D:2      | Reached skill level 1 in Throwing
  1347 | D:2      | Reached skill level 1 in Stealth
  1347 | D:2      | Reached skill level 1 in Shields
  1347 | D:2      | Reached skill level 1 in Unarmed Combat
  1347 | D:2      | Reached skill level 1 in Spellcasting
  1347 | D:2      | Reached skill level 1 in Evocations
  1351 | D:2      | Reached XP level 4. HP: 15/41 MP: 4/7
  1393 | D:2      | Reached ** piety under Lugonu
  2078 | D:2      | Reached skill level 1 in Conjurations
  2078 | D:2      | Reached skill level 1 in Hexes
  2078 | D:2      | Reached skill level 1 in Charms
  2078 | D:2      | Reached skill level 1 in Summonings
  2078 | D:2      | Reached skill level 1 in Necromancy
  2078 | D:2      | Reached skill level 1 in Translocations
  2078 | D:2      | Reached skill level 1 in Transmutations
  2078 | D:2      | Reached skill level 1 in Fire Magic
  2078 | D:2      | Reached skill level 1 in Ice Magic
  2078 | D:2      | Reached skill level 1 in Air Magic
  2078 | D:2      | Reached skill level 1 in Earth Magic
  2078 | D:2      | Reached skill level 1 in Poison Magic
  2415 | D:3      | HP: 2/41 [orc priest/nerve-wracking pain (12)]
  2419 | D:3      | Killed from afar by an orc priest

Levels and vault maps discovered:
D:1:      erik_arrival_triangle_huge, layout_basic, minmay_misc_feat_columns,
          minmay_misc_feat_hallway
D:2:      layout_loops_cross
D:3:      layout_basic, nicolae_overflow_hidden_temple

Skill      XL: |  1  2  3  4 |
---------------+-------------+-----
Short Blades   | 1 |  1.2
Long Blades    | 1 |  1.2
Axes           | 1 |  1.2
Polearms       | 1 |  1.2
Staves         | 1 |  1.2
Slings         | 1 |  1.2
Bows           | 1 |  1.2
Crossbows      | 1 |  1.2
Throwing       | 1 |  1.2
Stealth        | 1 |  1.2
Shields        | 1 |  1.2
Unarmed Combat | 1 |  1.2
Spellcasting   | 1 |  1.2
Evocations     | 1 |  1.2
Conjurations   | 1 |  1.0
Hexes          | 1 |  1.0
Charms         | 1 |  1.0
Summonings     | 1 |  1.0
Necromancy     | 1 |  1.0
Translocations | 1 |  1.0
Transmutations | 1 |  1.0
Fire Magic     | 1 |  1.0
Ice Magic      | 1 |  1.0
Air Magic      | 1 |  1.0
Earth Magic    | 1 |  1.0
Poison Magic   | 1 |  1.0
Fighting       | |  6.6
Maces & Flails | |  4.7
Armour         | |  4.7
Dodging        | |  2.8
Invocations    | |  4.7

Action                   |  1- 3 |  4- 6 || total
-------------------------+-------+-------++-------
Melee: Mace              |    92 |    90 ||   182
       Bite              |     4 |     9 ||    13
Invok: Depart the Abyss  |     1 |       ||     1
  Use: Potion            |       |     3 ||     3
 Stab: Sleeping          |     2 |       ||     2
  Eat: Chunk             |     1 |     4 ||     5
Armor: Leather armour    |     3 |       ||     3
       Scale mail        |    52 |    43 ||    95
       Skin              |       |     1 ||     1
Dodge: Dodged            |    57 |    37 ||    94

Table legend:
 A = Non-vault XP
 B = Vault XP
 C = Vault XP percentage of total XP
 D = Non-vault monster count
 E = Vault monster count
 F = Vault count percentage of total count
                 A         B        C        D         E       F
            +---------+---------+-------+---------+---------+-------
      Total |     158 |       0 |   0.0 |      60 |       0 |   0.0
            +---------+---------+-------+---------+---------+-------
        D:1 |      46 |       0 |   0.0 |      26 |       0 |   0.0
        D:2 |      93 |       0 |   0.0 |      26 |       0 |   0.0
        D:3 |      19 |       0 |   0.0 |       8 |       0 |   0.0
            +---------+---------+-------+---------+---------+-------
